Match 47032048
Unlisted

Match 47032048
End
Selects Italian Combined Arms Battlegroup
Selects Bersaglieri Squad
Bersaglieri Squad
250 Light Carrier
Bersaglieri Squad
Construct Light Support Kompanie
Selects Bersaglieri Bolster
Panzerjäger Squad
Panzerjäger Squad
Fire Support Elements
Combat Half-tracks
Selects Breda Model 30 Light Machine Guns
le.IG 18 Mechanized Group
Construct Panzerarmee Kommand
Veteran Squad Leaders
Selects Semovente da 75/18 Assault Gun
Panzer III L Medium Tank
Vehicle Survival Package
Pak 38 Anti-tank Gun Team
Selects Strafing Run
Selects Artillery Cover
Artillery Cover
Emergency Repair Kits
Advanced Field Repairs
Foederatus
EON
Kenoooo
Pixel
ChunKee
Yoddha
0
0

Comments sign in to comment!

No comments posted yet!